 Dungeon Crawl Stone Soup version 0.31-a0-1576-ga3383bade6 (webtiles) character file.

Game seed: 8523706893058004584

518 zenocrate the Sneak (level 7, 0/32 HPs)
             Began as a Vine Stalker Enchanter on Jan 4, 2024.
             Slain by a scorpion (1 damage)
             ... on level 4 of the Dungeon.
             The game lasted 00:04:24 (3468 turns).

zenocrate the Sneak (Vine Stalker Enchanter)        Turns: 3468, Time: 00:04:24

Health: 0/32       AC:  2    Str: 10    XL:     7   Next: 21%
Magic:  0/11       EV: 12    Int: 15    God:
Gold:   196        SH:  0    Dex: 17    Spells: 2/10 levels left

rFire   . . .        a - +1 dagger
rCold   . . .        (no shield)
rNeg    . . .        t - +0 robe
rPois   .            (no helmet)
rElec   .            (no cloak)
rCorr   .            (no gloves)
SInv    .            (no boots)
Will    .....        (no amulet)
Stlth   +++          (no ring)
HPRegen 1.05/turn    (no ring)
MPRegen 0.12/turn

%: guardian spirit
@: lethally poisoned (0 -> -5), attractive, very slightly contaminated
A: fangs 2, regeneration 1, magic shield, antimagic bite, no potion heal 2
a: no special abilities


You were on level 4 of the Dungeon.
You visited 1 branch of the dungeon, and saw 5 of its levels.

You collected 196 gold pieces.

Inventory:

Hand Weapons
 a - a +1 dagger (weapon)
 b - a +0 rapier
Missiles
 f - 18 poisoned darts (quivered)
Armour
 t - a +0 robe (worn)
Wands
 m - a wand of flame (23)
Scrolls
 d - a scroll of butterflies {unknown}
 e - 3 scrolls of teleportation
 g - 2 scrolls of poison {unknown}
 h - a scroll of torment {unknown}
 i - a scroll of immolation {unknown}
 l - a scroll of fear {unknown}
 q - a scroll of silence {unknown}
 s - a scroll of enchant armour {unknown}
Potions
 c - 3 potions of invisibility
 j - 2 potions of enlightenment
 k - a potion of resistance
 n - a potion of brilliance
 o - a potion of haste
 r - a potion of heal wounds


   Skills:
 + Level 3.7 Short Blades
 - Level 1.5 Dodging
 + Level 5.7 Stealth
 - Level 2.1 Spellcasting
 + Level 4.4 Hexes
 + Level 2.8 Ice Magic
 + Level 1.7 Evocations


You had 2 spell levels left.
You knew the following spells:

 Your Spells              Type           Power      Damage    Failure   Level
a - Ensorcelled Hibernat  Hex/Ice        24%        N/A       8%          2
b - Confusing Touch       Hex            14%        N/A       11%         3
c - Tukima's Dance        Hex            14%        N/A       11%         3

Your spell library contained the following spells:

 Spells                   Type           Power      Damage    Failure   Level
 Sigil of Binding         Hex            14%        N/A       11%         3
 Dazzling Flash           Conj/Hex       16%        N/A       26%         3
 Call Canine Familiar     Summ           1%         N/A       54%         3
 Dimensional Bullseye     Hex/Tloc       4%         N/A       65%         4


Dungeon Overview and Level Annotations

Branches:
Dungeon (5/15)
 Temple: D:4-7

Altars:
Vehumet


Innate Abilities, Weirdness & Mutations

You have extremely sharp teeth.
Your natural rate of healing is unusually fast.
When hurt, damage is shared between your health and your magic reserves.
Your bite disrupts and absorbs the magic of your enemies.
Potions cannot restore your health.


Message History

The scorpion stings you but does no damage. x2
Unknown command.
Casting: Ensorcelled Hibernation (safe; 8% risk of failure)
Confirm with . or Enter, or press ? or * to list all spells.
Aiming: Ensorcelled Hibernation (safe; 8% risk of failure)
Press: ? - help, Shift-Dir - straight line, f/p - scorpion
Aim: a scorpion (lightly wounded, chance to affect: 46%)
The scorpion resists with some effort.
The scorpion stings you but does no damage.
Unknown command.
Casting: Ensorcelled Hibernation (safe; 8% risk of failure)
Confirm with . or Enter, or press ? or * to list all spells.
Aiming: Ensorcelled Hibernation (safe; 8% risk of failure)
Press: ? - help, Shift-Dir - straight line, f/p - scorpion
Aim: a scorpion (lightly wounded, chance to affect: 46%)
You miscast Ensorcelled Hibernation.
You are very lightly contaminated with residual magic.
Nothing appears to happen.
The scorpion stings you.
You are poisoned.
The scorpion poisons you!
Unknown command.
You hit the scorpion but do no damage. Your bite misses the scorpion.
The scorpion is lightly wounded.
You feel very sick. The scorpion stings you.
* * * LOW HITPOINT WARNING * * *
You are lethally poisoned!
The scorpion poisons you!
Unknown command.
It was a potion of heal wounds.
That seemed strangely inert.
* * * LOW HITPOINT WARNING * * *
You feel very sick. The scorpion barely misses you.
Unknown command.
It was a potion of attraction.
You feel attractive to monsters.
* * * LOW HITPOINT WARNING * * *
You feel very sick. The scorpion stings you.
You die...

##....####.# #.# ####..###.## #.#
##..##..########### #.# #####
##..##...........#####.### ....#
##.#####................. ....#
##.# #.................
....#####..# #.................
.......##..#####.)...........).[.
##..##..........@.....(..........
##.###..##....s.).....).........
#.....#######.................. #
####..# ###..#####............
#### #..####.(.## ###.........(..
...###.......######.....#########
........#.#### #...#...#.....#
##..#..##.#######.###...#.....#
##...........................#


You could see a scorpion.

Vanquished Creatures
  2 phantoms
  A scorpion (D:4)
  A hound (D:4)
  A bombardier beetle (D:4)
  An orc priest (D:4)
  Jessica (D:2)
  Natasha (thrice) (D:2)
  An orc wizard (D:5)
  An adder (D:2)
  A ribbon worm (D:2)
  A dart slug (D:1)
  9 orcs
  8 endoplasms
  2 giant cockroaches
  9 goblins
  5 hobgoblins
  7 jackals
  5 kobolds
  5 quokkas
  10 ball pythons
  2 bats (D:1)
  3 frilled lizards
  2 rats (D:1)
81 creatures vanquished.

Notes
Turn   | Place    | Note
-------+----------+-------------------------------------------
     0 | D:1      | zenocrate the Vine Stalker Enchanter began the quest for
                  | the Orb.
     0 | D:1      | Reached XP level 1. HP: 9/9 MP: 4/4
    47 | D:1      | Reached skill level 1 in Short Blades
   143 | D:1      | Reached XP level 2. HP: 13/13 MP: 6/6
   147 | D:1      | Learned a level 2 spell: Ensorcelled Hibernation
   405 | D:1      | Reached skill level 4 in Stealth
   882 | D:2      | Reached XP level 3. HP: 16/16 MP: 7/7
   886 | D:2      | Learned a level 3 spell: Confusing Touch
  1142 | D:2      | Noticed Natasha
  1146 | D:2      | Killed Natasha
  1147 | D:2      | Reached skill level 1 in Ice Magic
  1156 | D:2      | Noticed Natasha
  1162 | D:2      | Killed Natasha
  1163 | D:2      | Reached XP level 4. HP: 21/21 MP: 2/8
  1322 | D:2      | Noticed Jessica
  1344 | D:2      | Killed Jessica
  1581 | D:2      | Reached XP level 5. HP: 24/24 MP: 9/9
  1909 | D:2      | Noticed Natasha
  1916 | D:2      | Killed Natasha
  2192 | D:3      | Found a faded altar of an unknown god.
  2433 | D:3      | Learned a level 3 spell: Tukima's Dance
  2505 | D:3      | Noticed a phantom
  2507 | D:3      | Killed a phantom
  2508 | D:3      | Reached skill level 5 in Stealth
  2508 | D:3      | Reached XP level 6. HP: 28/28 MP: 10/10
  2624 | D:4      | Reached skill level 1 in Evocations
  2752 | D:4      | Reached XP level 7. HP: 32/32 MP: 2/11
  3386 | D:4      | Found a radiant altar of Vehumet.
  3444 | D:5      | Entered Level 5 of the Dungeon
  3468 | D:4      | HP: 1/32 [poisoned by a scorpion]
  3468 | D:4      | Slain by a scorpion

Illustrated notes

Levels and vault maps discovered:
D:1:      ldierk_walled_garden_2, layout_loops_ring,
          nicolae_twisty_statue_hallways
D:2:      layout_loops_corners, hangedman_decor_points, uniq_natasha,
          uniq_jessica
D:3:      layout_loops_ring, ebering_ecumenical_altar_petrified,
          guppyfry_early_lair_pool
D:4:      layout_rooms, marbit_many_paths
D:5:      layout_cave_pools, gup_ossuary_entry_pyramid, serial_bayou_lagoon_b

Skill      XL: |  1  2  3  4  5  6 |
---------------+-------------------+-----
Short Blades   | 1 2 3 |  3.7
Stealth        | 4 5 |  5.7
Ice Magic      | 1 2 |  2.8
Hexes          | 4 |  4.4
Evocations     | 1 |  1.7
Dodging        | |  1.5
Spellcasting   | |  2.1

Action                     |  1- 3 |  4- 6 |  7- 9 || total
---------------------------+-------+-------+-------++-------
  Melee: Dagger            |    73 |   103 |    66 ||   242
         Bite              |    15 |    21 |    17 ||    53
         Punch             |     2 |     1 |     1 ||     4
   Cast: Ensorcelled Hiber |     4 |    11 |    12 ||    27
         Confusing Touch   |       |     1 |       ||     1
    Use: Scroll            |     3 |     2 |     1 ||     6
         Potion            |       |       |     2 ||     2
   Stab: Sleeping          |     9 |    16 |     7 ||    32
         Confused          |       |     1 |       ||     1
 Armour: Robe              |    35 |    36 |    57 ||   128
  Dodge: Dodged            |    47 |    52 |    63 ||   162

Table legend: (Time is in decaauts)
 A = Elapsed time spent in this place.
 B = Non-inter-level travel time spent in this place.
 C = Inter-level travel time spent in this place.
 D = Time resting spent in this place.
 E = Time spent auto-exploring this place.
 F = Levels seen in this place.
 G = Mean time per level.
                   A        B        C        D        E       F      G
               +--------+--------+--------+--------+--------+-----+--------+
         Total |   3434 |   3301 |    133 |     12 |   2660 |   5 |  686.8 |
       Dungeon |   3434 |   3301 |    133 |     12 |   2660 |   5 |  686.8 |
               +--------+--------+--------+--------+--------+-----+--------+

Top non-repeatable levels by time:
     D:2: 1139 daAuts
     D:1: 865 daAuts
     D:4: 844 daAuts
     D:3: 577 daAuts
     D:5: 8 daAuts
